 Dungeon Crawl Stone Soup version 0.31.0-12-g77e489cdc1 (webtiles) character file.

Game seed: 3109874778876182048

7752 spaghetti the Markself (level 11, -3/54 (56) HPs)
             Began as a Deep Elf Hunter on Feb 18, 2024.
             Was a Priest of Kikubaaqudgha.
             Slain by a wolf (5 damage)
             ... led by Grum
             ... on level 11 of the Dungeon.
             The game lasted 00:26:58 (11353 turns).

spaghetti the Markself (Deep Elf Hunter)           Turns: 11353, Time: 00:26:58

HP:   -3/54 (56)    AC: 14    Str:  8    XL:     11   Next: 0%
MP:   3/27          EV: 13    Int: 15    God:    Kikubaaqudgha [***...]
Gold: 451           SH:  0    Dex: 26    Spells: 4/30 levels left

rFire   x . .        N - +3 shortbow
rCold   + + .        (shield currently unavailable)
rNeg    . . .        j - +2 leather armour {rPois}
rPois   +            e - +0 helmet
rElec   .            (no cloak)
rCorr   .            f - +2 pair of gloves
SInv    .            G - +0 pair of boots
Will    ++...        (no amulet)
Stlth   ++           o - +4 ring of protection
HPRegen 0.29/turn    q - ring "Isiqyfi" {Ice Dex+4}
MPRegen 0.20/turn

%: no passive effects
@: about to teleport, marked, lightly drained
A: cold resistance 1, strong-willed 1, MP-powered wands, sturdy frame 1
a: Renounce Religion, Unearth Wretches


You were on level 11 of the Dungeon.
You worshipped Kikubaaqudgha.
Kikubaaqudgha was most pleased with you.
You visited 1 branch of the dungeon, and saw 11 of its levels.

You collected 600 gold pieces.
You spent 149 gold pieces at shops.

Inventory:

Hand Weapons
 a - a +1 shortbow
 J - a +0 orcbow
 N - a +3 shortbow (weapon)
Missiles
 C - 3 throwing nets
Armour
 e - a +0 helmet (worn)
 f - a +2 pair of gloves (worn)
 j - a +2 leather armour of poison resistance (worn)
 G - a +0 pair of boots (worn)
Jewellery
 o - a +4 ring of protection (left hand)
 p - a ring of flight
 q - the ring "Isiqyfi" (right hand) {Ice Dex+4}
   (You found it on level 2 of the Dungeon)

   [ring of ice]

   Ice:       It enhances your ice magic.
   Dex+4:     It affects your dexterity (+4).
   rF-:       It makes you vulnerable to fire.
   rC+:       It protects you from cold.
 t - a ring of poison resistance
 u - a ring of ice
 x - a ring of resist corrosion
 M - a ring of willpower
Wands
 g - a wand of charming (31)
 w - a wand of digging (8)
 y - a wand of mindburst (24)
 F - a wand of iceblast (11)
Scrolls
 c - 5 scrolls of identify
 d - 4 scrolls of immolation
 k - 10 scrolls of teleportation
 l - 3 scrolls of noise
 m - a scroll of butterflies
 n - 2 scrolls of poison
 r - 3 scrolls of revelation
 v - 2 scrolls of amnesia
 z - 2 scrolls of vulnerability
 E - 3 scrolls of torment
 H - a scroll of fog
Potions
 b - a potion of brilliance
 h - a potion of mutation
 i - 2 potions of enlightenment
 s - a potion of cancellation
 A - 5 potions of attraction
 B - 3 potions of lignification
 I - a potion of might
 L - a potion of resistance


   Skills:
 - Level 1.5 Fighting
 - Level 16.0 Ranged Weapons
 - Level 2.4 Dodging
 - Level 1.2 Stealth
 - Level 10.0 Spellcasting
 - Level 5.0 Hexes
 + Level 3.4 Summonings
 - Level 8.0 Necromancy
 + Level 3.4 Translocations
 - Level 1.9 Earth Magic


You had 4 spell levels left.
You knew the following spells:

 Your Spells              Type           Power      Damage    Failure   Level
a - Cigotuvi's Dreadful   Necr/Alch/Air  30%        N/A       5%          2
b - Fugue of the Fallen   Necr           31%        N/A       1%          3
c - Martyr's Knell        Necr/Summ      24%        N/A       10%         4
d - Borgnjor's Vile Clut  Necr/Erth      11%        N/A       36%         5
e - Call Canine Familiar  Summ           17%        N/A       8%          3
f - Dimensional Bullseye  Hex/Tloc       10%        N/A       19%         4
g - Summon Forest         Summ/Tloc      8%         N/A       56%         5

Your spell library contained the following spells:

 Spells                   Type           Power      Damage    Failure   Level
 Kiss of Death            Conj/Necr      76%        2d11      1%          1
 Necrotise                Necr           100%       1d9       1%          1
 Jinxbite                 Hex            44%        N/A       1%          2
 Sublimation of Blood     Necr           31%        N/A       1%          2
 Vampiric Draining        Necr           31%        2d8       1%          3
 Apportation              Tloc           34%        N/A       2%          1
 Summon Small Mammal      Summ           68%        N/A       2%          1
 Sigil of Binding         Hex            22%        N/A       4%          3
 Anguish                  Hex/Necr       13%        N/A       7%          4
 Magic Dart               Conj           28%        1d4       11%         1
 Sting                    Conj/Alch      28%        1d4       11%         1
 Mercury Vapours          Alch/Air       14%        N/A       16%         2
 Searing Ray              Conj           14%        2d5       16%         2
 Frozen Ramparts          Ice            22%        1d4       30%         3
 Summon Blazeheart Golem  Fire/Summ      12%        N/A       45%         4
 Leda's Liquefaction      Alch/Erth      5%         N/A       56%         4
 Petrify                  Alch/Erth      10%        N/A       56%         4
 Fulminant Prism          Conj/Alch      3%         3d5       71%         4
 Olgreb's Toxic Radiance  Alch           7%         N/A       71%         4
 Curse of Agony           Necr           31%        N/A       11%         5
 Metabolic Englaciation   Hex/Ice        11%        N/A       71%         5
 Alistair's Intoxication  Alch           4%         N/A       96%         5
 Eringya's Noxious Bog    Alch           3%         4d6       100%        6
 Summon Hydra             Summ           8%         N/A       100%        7


Dungeon Overview and Level Annotations

Branches:
Dungeon (11/15)            Temple (0/1) D:4            Lair (0/5) D:11
    Orc (0/2) D:10

Altars:
Dithmenos
Elyvilon
Kikubaaqudgha
Makhleb
Ru
Sif Muna
Trog
Vehumet
Zin

Shops:
D:3 (   D:8 ?

Annotations:
D:3 2 transporters, TheBioAlchemist's ghost, amateur OnWr
D:5 3 runed translucent doors, Swimmer's ghost, amateur HOFi
D:11 Harold


Innate Abilities, Weirdness & Mutations

Your flesh is cold resistant. (rC+)
You are strong-willed. (Will+)
You expend magic power (3 MP) to strengthen your wands.
Your movements are slightly less encumbered by armour. (ER -2)


Message History

The water moccasin bites you!
Unknown command.
You shoot an arrow. The arrow hits the water moccasin.
The water moccasin is severely wounded.
A wolf comes into view.
The wolf bites you but does no damage. The water moccasin bites you.
Unknown command.
Unknown command.
You shoot an arrow. The arrow hits the water moccasin!
The water moccasin is almost dead.
The water moccasin barely misses you.
Unknown command.
You shoot an arrow. The arrow hits the water moccasin!
You kill the water moccasin!
Kikubaaqudgha accepts your kill. The wolf completely misses you.
The wolf closely misses you.
Training target 10.0 for Spellcasting reached!
Your Spellcasting skill increases to level 10!
You have reached level 11!
You shoot an arrow. The arrow hits the wolf.
The wolf is moderately wounded.
The wolf barely misses you. x2
A water moccasin comes into view.
The wolf bites you!
* * * LOW HITPOINT WARNING * * *
Unknown command.
Unknown command.
As you read the scroll of teleportation, it crumbles to dust.
You feel strangely unstable. The wolf bites you but does no damage.
The wolf bites you.
* * * LOW HITPOINT WARNING * * *
Your magical contamination has completely faded away.
Unknown command.
Okay, then.
The wolf attacks as it pursues you! The wolf bites you but does no damage.
The wyvern attacks as it pursues you!
The wyvern bites you but does no damage.
The wolf bites you.
You die...
Kikubaaqudgha rasps: "You have failed me!
Welcome... death!"

#...........##..#..#.#...
#...........##..#..#.#...
#...........##..#....#...
#####'####'######....#...
#..###..........##...
#....#....###...#.... #....#....#
#...#.... >. #....#....#
#...#?... ... #.Wh@#....#
#...#.... ..P.
#..kh#....###...#....
....#####..##..........#...#
P.......#S.#######'#####...#
........'......##..........#
....Y....♣#..#......##..........#
.P>kY........#+#######.####...###
P.P.......###......###.####...###
P..P♣...... #.##...#...##........


You could see a water moccasin, a wyvern, 2 wolves and a friendly martyred shade
(summoned).

Vanquished Creatures
  Erolcha (D:11)
  An unseen horror (D:11)
  Maggie (D:6)
  A wyvern (D:7)
  2 wraiths (D:11)
  A basilisk (D:11)
  2 steam dragons (D:9)
  4 vampire mosquitoes (D:10)
  5 water moccasins
  3 orc warriors
  2 ice beasts (D:6)
  A black bear (D:5)
  A sky beast (D:7)
  2 ogres (D:4)
  4 centaurs
  A phantom (D:7)
  A kobold brigand (D:7)
  A bullfrog (D:8)
  2 gnoll sergeants (D:9)
  8 wights (D:8)
  4 scorpions
  6 killer bees
  6 howler monkeys
  4 hounds (D:5)
  A gnoll bouda (D:7)
  2 sleepcaps (D:7)
  2 iguanas
  4 orc wizards (D:8)
  13 gnolls
  6 adders
  A shadow imp (D:7)
  A white imp (D:6)
  A ribbon worm (D:2)
  3 dart slugs
  25 orcs
  10 ball pythons
  2 bats
  11 endoplasms
  3 giant cockroaches
  11 goblins
  4 hobgoblins
  8 jackals
  2 quokkas
  A frilled lizard (D:3)
  14 kobolds
  3 rats
192 creatures vanquished.

Vanquished Creatures (collateral kills)
  A two-headed ogre (D:10)
  2 vampire mosquitoes (D:10)
  4 centaurs
  5 wights (D:10)
  2 killer bees
  A gnoll (D:9)
15 creatures vanquished.

Vanquished Creatures (others)
  2 centaurs (D:11)
2 creatures vanquished.

Grand Total: 209 creatures vanquished

Notes
Turn   | Place    | Note
-------+----------+-------------------------------------------
     0 | D:1      | spaghetti the Deep Elf Hunter began the quest for the Orb.
     0 | D:1      | Reached XP level 1. HP: 12/12 MP: 3/3
   104 | D:1      | Reached XP level 2. HP: 15/16 MP: 4/4
   108 | D:1      | Reached skill level 6 in Ranged Weapons
   432 | D:1      | Gained mutation: Your flesh is cold resistant. (rC+)
                  | [potion of mutation]
   432 | D:1      | Gained mutation: You are strong-willed. (Will+) [potion of
                  | mutation]
   432 | D:1      | Gained mutation: Your movements are slightly less
                  | encumbered by armour. (ER -2) [potion of mutation]
   432 | D:1      | Gained mutation: You expend magic power (3 MP) to
                  | strengthen your wands. [potion of mutation]
   589 | D:1      | Reached XP level 3. HP: 18/20 MP: 5/5
   844 | D:2      | Reached skill level 7 in Ranged Weapons
   955 | D:2      | Found a shimmering blue altar of Sif Muna.
  1100 | D:2      | Reached XP level 4. HP: 25/25 MP: 6/6
  1148 | D:2      | Reached skill level 8 in Ranged Weapons
  1232 | D:2      | Identified the ring "Isiqyfi" {Ice Dex+4}
  1734 | D:3      | Found a transporter.
  1756 | D:3      | Found Urysse's Antique Weapon Shop.
  2046 | D:3      | Found a transporter.
  2046 | D:3      | Noticed TheBioAlchemist's ghost (amateur OnWr)
  2088 | D:3      | Found a faded altar of an unknown god.
  2120 | D:3      | Prayed at the altar of an unknown god.
  2120 | D:3      | Became a worshipper of Kikubaaqudgha
  2120 | D:3      | Reached * piety under Kikubaaqudgha
  2120 | D:3      | Received a gift from Kikubaaqudgha
  2358 | D:3      | Reached XP level 5. HP: 29/29 MP: 7/7
  2566 | D:4      | You fall into a shaft and drop 2 floors!
  2573 | D:6      | Noticed a water moccasin
  2584 | D:5      | Entered Level 5 of the Dungeon
  2645 | D:5      | Reached skill level 1 in Necromancy
  2677 | D:5      | Learned a level 2 spell: Cigotuvi's Dreadful Rot
  2831 | D:5      | Reached skill level 9 in Ranged Weapons
  2845 | D:5      | Reached XP level 6. HP: 31/34 MP: 8/8
  2865 | D:4      | Found a staircase to the Ecumenical Temple.
  2967 | D:4      | Found a white marble altar of Elyvilon.
  2979 | D:4      | Found a shimmering blue altar of Sif Muna.
  3331 | D:4      | Reached XP level 7. HP: 32/38 MP: 6/9
  3592 | D:5      | Reached skill level 10 in Ranged Weapons
  3666 | D:5      | Reached skill level 5 in Necromancy
  3800 | D:5      | Found a runed translucent gate.
  3803 | D:5      | Found a runed translucent gate.
  3808 | D:5      | Found a runed translucent gate.
  3814 | D:5      | Noticed Swimmer's ghost (amateur HOFi)
  3818 | D:5      | Identified the +2 spear of the Black Skies {flame, *Noise
                  | Will+ Str+3 Stlth+}
  3972 | D:6      | Reached ** piety under Kikubaaqudgha
  3977 | D:6      | Learned a level 3 spell: Fugue of the Fallen
  4333 | D:6      | Noticed Maggie
  4338 | D:6      | Killed Maggie
  4339 | D:6      | Reached skill level 11 in Ranged Weapons
  4339 | D:6      | Reached XP level 8. HP: 38/43 MP: 0/14
  5164 | D:8      | Reached skill level 5 in Spellcasting
  5206 | D:8      | Reached skill level 12 in Ranged Weapons
  5283 | D:8      | Reached XP level 9. HP: 47/47 MP: 19/19
  5370 | D:8      | Found Yfitsacw's Magic Scroll Shoppe.
  5379 | D:8      | Bought a scroll of silence for 123 gold pieces
  5379 | D:8      | Bought a scroll of identify for 26 gold pieces
  5607 | D:7      | Reached skill level 13 in Ranged Weapons
  5887 | D:7      | Learned a level 4 spell: Martyr's Knell
  5895 | D:7      | Reached *** piety under Kikubaaqudgha
  5895 | D:7      | Received a gift from Kikubaaqudgha
  6095 | D:7      | Learned a level 5 spell: Borgnjor's Vile Clutch
  6106 | D:7      | Found a sacrificial altar of Ru.
  6224 | D:7      | Found a bloodstained altar of Trog.
  6325 | D:8      | Found a shadowy altar of Dithmenos.
  6599 | D:9      | Identified the +6 morningstar of Qiqisiff {antimagic, rN+
                  | Int+3}
  6686 | D:9      | Reached skill level 1 in Summonings
  6686 | D:9      | Reached skill level 1 in Earth Magic
  6804 | D:9      | Found a flagged portal.
  7836 | D:8      | Learned a level 3 spell: Call Canine Familiar
  7841 | D:8      | Learned a level 4 spell: Dimensional Bullseye
  7861 | D:8      | Found a glowing silver altar of Zin.
  7936 | D:8      | Found a radiant altar of Vehumet.
  8062 | D:8      | Reached skill level 1 in Hexes
  8073 | D:8      | Reached skill level 1 in Translocations
  8296 | D:9      | Reached XP level 10. HP: 52/52 MP: 24/24
  8877 | D:9      | Found a burning altar of Makhleb.
  8923 | D:10     | Entered Level 10 of the Dungeon
  9040 | D:10     | Noticed a two-headed ogre
  9056 | D:10     | Killed a two-headed ogre
  9057 | D:10     | Reached skill level 14 in Ranged Weapons
  9075 | D:10     | Reached skill level 5 in Hexes
  9553 | D:10     | Reached skill level 15 in Ranged Weapons
  9569 | D:10     | Reached **** piety under Kikubaaqudgha
  9683 | D:10     | Found a staircase to the Orcish Mines.
  9793 | D:10     | Found an ancient bone altar of Kikubaaqudgha.
  9990 | D:11     | Found a staircase to the Lair.
 10621 | D:11     | Noticed Erolcha
 10780 | D:11     | Killed Erolcha
 10781 | D:11     | Reached skill level 16 in Ranged Weapons
 10787 | D:11     | Learned a level 5 spell: Summon Forest
 11240 | D:11     | Noticed Harold
 11351 | D:11     | Reached skill level 10 in Spellcasting
 11351 | D:11     | Reached XP level 11. HP: 17/54 MP: 2/27
 11352 | D:11     | HP: 2/54 [wolf[Grum] (6)]
 11353 | D:11     | Slain by a wolf

Illustrated notes

Levels and vault maps discovered:
D:1:      elethiomel_arrival_maze, layout_basic, roderic_roman_lattice,
          minmay_split_cup_large
D:2:      layout_basic, basic_altar
D:3:      layout_basic, serial_shops, shop, gammafunk_ghost_mausoleum,
          shapermc_ecumenical_altar_flowoftime, chequers_serial_rivers_small_3
D:4:      layout_rooms, mainiacjoe_overflow_large_starburst,
          minmay_temple_entry_offerings, nicolae_twisty_statue_hallways
D:5:      layout_cave_pools, biasface_ghost_orc_armoury
D:6:      layout_loops_ring, uniq_maggie
D:7:      kennysheep_spiral_hall, layout_cave_pools, mainiacjoe_overflow_swirl
D:8:      layout_gridville, nicolae_overflow_crystal_walls,
          mainiacjoe_overflow_catwalk_spiral, serial_shops,
          nicolae_shop_gibbet_a_chance
D:9:      layout_basic, lemuel_tele_altar, enter_bailey_6, grunt_ministairs_10
D:10:     layout_irregular_city, kiku_gazebo_pond_becter, david_orc_2,
          minmay_statues_item
D:11:     layout_stronghold, minmay_lair_entry_grove, uniq_harold, uniq_grum,
          uniq_erolcha

Skill      XL: |  1  2  3  4  5  6  7  8  9 10 |
---------------+-------------------------------+-----
Ranged Weapons | 6 7 8 9 11 12 13 16 | 16.0
Necromancy     | 2 4 6 8 |  8.0
Spellcasting   | 2 5 8 10 | 10.0
Summonings     | 2 3 |  3.4
Earth Magic    | 1 |  1.9
Hexes          | 1 5 |  5.0
Translocations | 1 3 |  3.4
Fighting       | |  1.5
Dodging        | |  2.4
Stealth        | |  1.2

Action                     |  1- 3 |  4- 6 |  7- 9 | 10-12 || total
---------------------------+-------+-------+-------+-------++-------
   Fire: Shortbow          |   109 |   134 |   416 |    57 ||   716
         Orcbow            |       |       |       |    91 ||    91
  Throw: Throwing net      |       |       |       |     2 ||     2
   Cast: Cigotuvi's Dreadf |       |     2 |     2 |     2 ||     6
         Fugue of the Fall |       |       |    17 |     9 ||    26
         Martyr's Knell    |       |       |     5 |    25 ||    30
         Call Canine Famil |       |       |       |    13 ||    13
  Evoke: Wand              |       |       |     8 |     4 ||    12
    Use: Scroll            |     3 |     7 |     5 |     3 ||    18
         Potion            |     1 |     9 |     4 |     1 ||    15
 Armour: Leather armour    |    32 |    12 |   154 |   102 ||   300
  Dodge: Dodged            |    33 |    12 |   131 |    81 ||   257
